CALGARY Flames vs BUFFALO Sabres

Created - 30 octobre 2018 at 18:11

Goals
1 2 3 T
CALGARY Flames 0 0 0 0
BUFFALO Sabres 1 1 1 3
Shots
1 2 3 T
CALGARY Flames 8 5 3 16
BUFFALO Sabres 8 12 13 33

1st period

1. BUFFALO Sabres , Nazem Kadri 2 (Ryan Ellis 9, Tyson Barrie 5) at 13:28

Penalties :
Daniel Sprong (CGY) for Hooking (Minor) at 7:07, Elias Lindholm (BUF) for Boarding (Minor) at 14:04

2nd period

2. BUFFALO Sabres , Nathan MacKinnon 6 (Jaden Schwartz 9, Brent Burns 3) at 2:43

Penalties :
No Penalty

3rd period

3. BUFFALO Sabres , Henrik Zetterberg 4 (Brent Burns 4, Nathan MacKinnon 5) at 7:37

Penalties :
Michal Kempny (CGY) for Interference (Minor) at 9:10, James Neal (BUF) for Roughing (Minor) at 12:54, Michal Kempny (CGY) for Holding (Minor) at 12:54

Goalie Stats

Jacob Markstrom (CGY), 30 saves from 33 shots - (0,909), L, 0-1-0, 60:00 minutes
Braden Holtby (BUF), 16 saves from 16 shots - (1,000), W, 8-3-1, 60:00 minutes

Players Stats for CALGARY Flames

Player Name              G  A  P  +/- PIM S  H  SB GA TA FO     MP     PP MP  PK MP  
------------------------------------------------------------------------------------
Alex Galchenyuk          0  0  0   0  0   2  0  0  0  0  6/12   15:11   1:03   0:00 
Boone Jenner             0  0  0   0  0   1  1  0  0  0  4/12   11:14   1:03   2:21 
Brendan Perlini          0  0  0   0  0   0  1  0  0  0  0/0    19:25   0:56   0:05 
Cal Clutterbuck          0  0  0   0  0   1  1  0  0  0  1/1     8:05   0:00   1:37 
Charlie Coyle            0  0  0  -1  0   0  0  0  0  0  0/1    24:02   1:03   2:16 
Charlie McAvoy           0  0  0  -2  0   1  3  1  0  0  0/0    22:17   1:03   1:59 
Daniel Sprong            0  0  0  -1  2   2  0  0  0  0  5/16   19:26   0:56   0:00 
Darnell Nurse            0  0  0  -2  0   0  0  0  0  0  0/0    18:11   0:00   0:00 
Dominic Moore            0  0  0  -2  0   0  0  0  0  0  6/19   15:11   0:00   1:37 
Jake DeBrusk             0  0  0  -1  0   1  2  1  0  0  2/3    20:49   0:56   0:00 
Jason Chimera            0  0  0  -2  0   0  0  0  0  0  0/0    13:34   0:00   0:00 
Jeff Carter              0  0  0   0  0   0  0  0  0  0  0/0     0:00   0:00   0:00 
Kyle Clifford            0  0  0  -2  0   1  3  0  0  0  0/2    13:34   0:00   0:00 
Michal Kempny            0  0  0  -1  4   0  3  1  0  0  0/0    12:57   0:00   0:00 
Nick Ritchie             0  0  0   0  0   3  3  0  0  0  0/0    13:31   0:00   0:00 
Ryan Suter               0  0  0   0  0   2  4  1  0  0  0/0    24:44   0:56   1:59 
Shea Weber               0  0  0   0  0   1  0  1  0  0  0/0    24:44   0:56   1:59 
Travis Hamonic           0  0  0  -1  0   1  0  1  0  0  0/0    17:05   1:03   1:59 

Players Stats for BUFFALO Sabres

Player Name              G  A  P  +/- PIM S  H  SB GA TA FO     MP     PP MP  PK MP  
------------------------------------------------------------------------------------
Artemi Panarin           0  0  0   0  0   5  1  0  0  0  0/1    17:41   1:39   0:00 
Brayden Point            0  0  0   0  0   1  0  0  0  0  10/16  17:53   1:39   0:46 
Brent Burns              0  2  2   2  0   2  0  0  0  0  0/0    25:00   2:12   1:01 
Brett Pesce              0  0  0   0  0   2  0  1  0  0  0/0    15:28   0:00   0:58 
Elias Lindholm           0  0  0   1  2   1  0  0  0  0  0/0    11:45   0:00   0:00 
Henrik Zetterberg        1  0  1   2  0   3  1  0  0  0  1/1    20:22   2:19   0:16 
Jaden Schwartz           0  1  1   2  0   5  3  0  0  0  0/0    21:37   2:19   0:25 
James Neal               0  0  0   0  2   1  0  0  0  0  0/2    16:47   1:39   0:00 
Jesper Bratt             0  0  0   0  0   1  0  0  0  0  0/0     7:22   0:00   0:00 
John Klingberg           0  0  0   2  0   1  2  0  0  0  0/0    21:51   2:12   0:58 
Luke Glendening          0  0  0   0  0   1  2  1  0  0  2/5     8:35   0:00   1:13 
Mike Green               0  0  0   0  0   0  3  0  0  0  0/0    17:22   1:46   0:00 
Nathan MacKinnon         1  1  2   2  0   6  2  0  0  0  20/32  21:46   2:19   0:00 
Nazem Kadri              1  0  1   1  0   2  1  0  0  0  5/5    11:46   0:00   0:00 
Ryan Ellis               0  1  1   1  0   0  2  1  0  0  0/0    20:47   0:00   1:01 
Tyler Johnson            0  0  0   1  0   1  0  0  0  0  3/3    13:04   0:00   1:18 
Tyson Barrie             0  1  1   1  0   0  1  0  0  0  0/0    19:32   1:46   0:00 
Vladimir Sobotka         0  0  0   0  0   1  1  0  0  0  1/1     7:22   0:00   0:00 

3 Stars

1 - Nathan MacKinnon (BUF)
2 - Braden Holtby (BUF)
3 - Henrik Zetterberg (BUF)

Power Play

CALGARY Flames - 0 on 1 Attempt(s) - 0,00%
BUFFALO Sabres - 0 on 2 Attempt(s) - 0,00%

Penalty Kill

CALGARY Flames - 2 on 2 Attempt(s) - 100,00% - Score 0 goal in Penalty Kill
BUFFALO Sabres - 1 on 1 Attempt(s) - 100,00% - Score 0 goal in Penalty Kill

Team Stat

CALGARY Flames - Hits : 21 - Faceoff Wins : 24 - Blocked Shots : 6 - Penalty Minutes : 6
BUFFALO Sabres - Hits : 19 - Faceoff Wins : 42 - Blocked Shots : 3 - Penalty Minutes : 4

Official

Referees : Unknown
Linesman : Unknown

Game Notes

No Game Note

Finance

Level 1 -- Attendance: 5291 (88,18%) -- Ticket Income 529 100 $
Level 2 -- Attendance: 4340 (86,80%) -- Ticket Income 260 400 $
Level 3 -- Attendance: 2000 (100,00%) -- Ticket Income 70 000 $
Level 4 -- Attendance: 4000 (100,00%) -- Ticket Income 80 000 $
Luxury Box -- Attendance: 784 (78,40%) -- Ticket Income 156 800 $
Game was played at the First Niagara Center.
Total Attendance: 16415 (91,19%)
Total Ticket Income: 1 096 300 $
Other Income: 427 557 $
Total Income: 1 523 857 $

CALGARY Flames

5 vs 5 Forward 
   Center                   Left Wing                Right Wing               Time % Phy DF OF 
 1 Daniel Sprong            Jake DeBrusk             Brendan Perlini          37     2   1  2  
 2 Alex Galchenyuk          Nick Ritchie             Charlie Coyle            33     2   1  2  
 3 Boone Jenner             Charlie Coyle            Cal Clutterbuck          20     2   1  2  
 4 Dominic Moore            Kyle Clifford            Jason Chimera            10     2   2  1  

5 vs 5 Defense 
   Defense                  Defense                                           Time % Phy DF OF 
 1 Ryan Suter               Shea Weber                                        40     2   2  1  
 2 Charlie McAvoy           Darnell Nurse                                     35     2   2  1  
 3 Travis Hamonic           Michal Kempny                                     20     2   2  1  
 4 Ryan Suter               Shea Weber                                        5      2   2  1  

PowerPlay Forward 
   Center                   Left Wing                Right Wing               Time % Phy DF OF 
 1 Daniel Sprong            Jake DeBrusk             Brendan Perlini          55     1   0  4  
 2 Alex Galchenyuk          Boone Jenner             Charlie Coyle            45     1   0  4  

PowerPlay Defense
   Defense                  Defense                                           Time % Phy DF OF 
 1 Ryan Suter               Shea Weber                                        55     1   1  3  
 2 Charlie McAvoy           Travis Hamonic                                    45     1   1  3  

Penalty Kill 4 Players Forward 
   Center                   Wing                     Time % Phy DF OF 
 1 Boone Jenner             Charlie Coyle            55     1   4  0  
 2 Dominic Moore            Cal Clutterbuck          45     1   4  0  

Penalty Kill 4 Players Defense
   Defense                  Defense                  Time % Phy DF OF 
 1 Ryan Suter               Shea Weber               55     1   4  0  
 2 Travis Hamonic           Charlie McAvoy           45     1   4  0  

Penalty Kill - 3 Players Forward 
   Forward                                           Time % Phy DF OF 
 1 Boone Jenner                                      50     0   5  0  
 2 Charlie Coyle                                     50     0   5  0  

Penalty Kill - 3 Players Defense
   Defense                  Defense                  Time % Phy DF OF 
 1 Ryan Suter               Shea Weber               55     1   4  0  
 2 Travis Hamonic           Charlie McAvoy           45     1   4  0  

4 vs 4 Forward 
   Center                   Wing                     Time % Phy DF OF 
 1 Jake DeBrusk             Boone Jenner             55     2   1  2  
 2 Alex Galchenyuk          Charlie Coyle            45     1   1  3  

4 vs 4 Defense
   Defense                  Defense                  Time % Phy DF OF 
 1 Ryan Suter               Shea Weber               55     1   2  2  
 2 Charlie McAvoy           Travis Hamonic           45     1   2  2  

Last Minutes Offensive
   Center                   Left Wing                Right Wing               Defense                  Defense                  
   Daniel Sprong            Jake DeBrusk             Brendan Perlini          Ryan Suter               Shea Weber               

Last Minutes Defensive
   Center                   Left Wing                Right Wing               Defense                  Defense                  
   Daniel Sprong            Boone Jenner             Brendan Perlini          Ryan Suter               Shea Weber               

Goaltenders
Starting : Jacob Markstrom          
Backup : Linus Ullmark            

Extra Forwards
Normal : Alex Galchenyuk, Charlie Coyle, Boone Jenner - PP : Nick Ritchie, Boone Jenner - PK : Boone Jenner
Extra Defensemen
Normal : Shea Weber, Charlie McAvoy, Travis Hamonic - PP : Travis Hamonic - PK : Charlie McAvoy, Michal Kempny
Penalty Shots
Daniel Sprong, Boone Jenner, Alex Galchenyuk, Jake DeBrusk, Charlie Coyle

BUFFALO Sabres

5 vs 5 Forward 
   Center                   Left Wing                Right Wing               Time % Phy DF OF 
 1 Nathan MacKinnon         Henrik Zetterberg        Jaden Schwartz           40     1   2  2  
 2 Brayden Point            Artemi Panarin           James Neal               30     1   2  2  
 3 Nazem Kadri              Tyler Johnson            Elias Lindholm           20     1   2  2  
 4 Luke Glendening          Jesper Bratt             Vladimir Sobotka         10     1   2  2  

5 vs 5 Defense 
   Defense                  Defense                                           Time % Phy DF OF 
 1 Brent Burns              John Klingberg                                    40     1   2  2  
 2 Ryan Ellis               Tyson Barrie                                      30     1   2  2  
 3 Mike Green               Brett Pesce                                       20     1   2  2  
 4 Brent Burns              Ryan Ellis                                        10     1   2  2  

PowerPlay Forward 
   Center                   Left Wing                Right Wing               Time % Phy DF OF 
 1 Nathan MacKinnon         Henrik Zetterberg        Jaden Schwartz           60     1   2  2  
 2 Brayden Point            Artemi Panarin           James Neal               40     1   2  2  

PowerPlay Defense
   Defense                  Defense                                           Time % Phy DF OF 
 1 Brent Burns              John Klingberg                                    60     1   2  2  
 2 Mike Green               Tyson Barrie                                      40     1   2  2  

Penalty Kill 4 Players Forward 
   Center                   Wing                     Time % Phy DF OF 
 1 Luke Glendening          Tyler Johnson            60     1   2  2  
 2 Brayden Point            Jaden Schwartz           40     1   2  2  

Penalty Kill 4 Players Defense
   Defense                  Defense                  Time % Phy DF OF 
 1 Brent Burns              Ryan Ellis               60     1   2  2  
 2 John Klingberg           Brett Pesce              40     1   2  2  

Penalty Kill - 3 Players Forward 
   Forward                                           Time % Phy DF OF 
 1 Luke Glendening                                   60     1   2  2  
 2 Tyler Johnson                                     40     1   2  2  

Penalty Kill - 3 Players Defense
   Defense                  Defense                  Time % Phy DF OF 
 1 Brent Burns              Ryan Ellis               60     1   2  2  
 2 John Klingberg           Brett Pesce              40     1   2  2  

4 vs 4 Forward 
   Center                   Wing                     Time % Phy DF OF 
 1 Nathan MacKinnon         Artemi Panarin           60     1   2  2  
 2 Brayden Point            Jaden Schwartz           40     1   2  2  

4 vs 4 Defense
   Defense                  Defense                  Time % Phy DF OF 
 1 Brent Burns              John Klingberg           60     1   2  2  
 2 Mike Green               Tyson Barrie             40     1   2  2  

Last Minutes Offensive
   Center                   Left Wing                Right Wing               Defense                  Defense                  
   Nathan MacKinnon         Artemi Panarin           Jaden Schwartz           Brent Burns              Ryan Ellis               

Last Minutes Defensive
   Center                   Left Wing                Right Wing               Defense                  Defense                  
   Brayden Point            Tyler Johnson            Jaden Schwartz           Brent Burns              Ryan Ellis               

Goaltenders
Starting : Braden Holtby            
Backup : Philipp Grubauer         

Extra Forwards
Normal : Nathan MacKinnon, Artemi Panarin, Jaden Schwartz - PP : Nathan MacKinnon, Artemi Panarin - PK : Tyler Johnson
Extra Defensemen
Normal : Brent Burns, Ryan Ellis, John Klingberg - PP : Brent Burns - PK : Ryan Ellis, Brett Pesce
Penalty Shots
Nathan MacKinnon, Artemi Panarin, Jaden Schwartz, Henrik Zetterberg, Brayden Point


% Time on Ice - CALGARY Flames

Lines # - Real PCT - Wanted PCT - Time Play
Normal Forward
1 - 36% - 37% - 18:31
2 - 26% - 33% - 13:31
3 - 12% - 20% - 6:28
4 - 26% - 10% - 13:34
Normal Defense
1 - 39% - 40% - 20:09
2 - 35% - 35% - 18:11
3 - 25% - 20% - 12:59
4 - 1% - 5% - 0:45
PP Forward
1 - 47% - 55% - 0:56
2 - 53% - 45% - 1:03
PP Defense
1 - 47% - 55% - 0:56
2 - 53% - 45% - 1:03
PK Forward
1 - 59% - 55% - 2:21
2 - 41% - 45% - 1:37
PK Defense
1 - 50% - 55% - 1:59
2 - 50% - 45% - 1:59
PK3 Forward
1 - 0% - 50%
2 - 0% - 50%
PK3 Defense
1 - 0% - 55%
2 - 0% - 45%
44 Forward
1 - 69% - 55% - 1:22
2 - 31% - 45% - 0:37
44 Defense
1 - 46% - 55% - 0:55
2 - 54% - 45% - 1:04
Last Minute Offensive  - 0:00
Last Minute Defensive  - 0:00
Total
Forward - 60:00
Defense - 60:00

% Time on Ice - BUFFALO Sabres

Lines # - Real PCT - Wanted PCT - Time Play
Normal Forward
1 - 34% - 40% - 17:47
2 - 29% - 30% - 15:09
3 - 23% - 20% - 11:46
4 - 14% - 10% - 7:22
Normal Defense
1 - 34% - 40% - 17:48
2 - 32% - 30% - 16:40
3 - 28% - 20% - 14:30
4 - 6% - 10% - 3:06
PP Forward
1 - 58% - 60% - 2:19
2 - 42% - 40% - 1:39
PP Defense
1 - 55% - 60% - 2:12
2 - 45% - 40% - 1:46
PK Forward
1 - 79% - 60% - 1:34
2 - 21% - 40% - 0:25
PK Defense
1 - 51% - 60% - 1:01
2 - 49% - 40% - 0:58
PK3 Forward
1 - 0% - 60%
2 - 0% - 40%
PK3 Defense
1 - 0% - 60%
2 - 0% - 40%
44 Forward
1 - 88% - 60% - 1:45
2 - 12% - 40% - 0:14
44 Defense
1 - 45% - 60% - 0:53
2 - 55% - 40% - 1:06
Last Minute Offensive  - 0:00
Last Minute Defensive  - 0:00
Total
Forward - 60:00
Defense - 60:00

Play by Play

1st period


0:01 of 1st period - Nathan MacKinnon wins face-off versus Daniel Sprong in neutral zone.
0:05 of 1st period - John Klingberg is hit by Ryan Suter and loses puck.
0:25 of 1st period - Jaden Schwartz is hit by Ryan Suter and loses puck.
1:03 of 1st period - Artemi Panarin is hit by Nick Ritchie and loses puck.
1:28 of 1st period - Shot by Artemi Panarin.
1:28 of 1st period - Stopped by Jacob Markstrom without a rebound.
1:29 of 1st period - Nazem Kadri wins face-off versus Dominic Moore in CALGARY Flames zone.
2:10 of 1st period - Shot by Elias Lindholm.
2:10 of 1st period - Shot Misses the Net.
2:12 of 1st period - Shot by Brett Pesce.
2:12 of 1st period - Stopped by Jacob Markstrom without a rebound.
2:13 of 1st period - Vladimir Sobotka wins face-off versus Boone Jenner in CALGARY Flames zone.
2:18 of 1st period - Shot by Vladimir Sobotka.
2:18 of 1st period - Stopped by Jacob Markstrom without a rebound.
2:19 of 1st period - Boone Jenner wins face-off versus Luke Glendening in CALGARY Flames zone.
2:46 of 1st period - Cal Clutterbuck is hit by Luke Glendening and loses puck.
2:51 of 1st period - Shot by Luke Glendening.
2:51 of 1st period - Stopped by Jacob Markstrom without a rebound.
2:52 of 1st period - Daniel Sprong wins face-off versus Nathan MacKinnon in CALGARY Flames zone.
2:52 of 1st period - Daniel Sprong is hit by Henrik Zetterberg.
3:15 of 1st period - Icing by Shea Weber.
3:16 of 1st period - Brayden Point wins face-off versus Daniel Sprong in CALGARY Flames zone.
3:35 of 1st period - Shot by Brent Burns.
3:35 of 1st period - Shot Misses the Net.
3:38 of 1st period - Icing by Shea Weber.
3:39 of 1st period - Nathan MacKinnon wins face-off versus Daniel Sprong in CALGARY Flames zone.
3:49 of 1st period - Jake DeBrusk is hit by Nathan MacKinnon and loses puck.
4:20 of 1st period - Shot by Jaden Schwartz.
4:20 of 1st period - Deflect By Nathan MacKinnon.
4:20 of 1st period - Shot Misses the Net.
4:22 of 1st period - Shot by Ryan Ellis.
4:22 of 1st period - Shot Misses the Net.
5:05 of 1st period - Off-side.
5:06 of 1st period - Tyler Johnson wins face-off versus Dominic Moore in neutral zone.
5:21 of 1st period - Mike Green is hit by Kyle Clifford and loses puck.
5:55 of 1st period - Nazem Kadri is hit by Jake DeBrusk and loses puck.
6:16 of 1st period - Shot by Daniel Sprong.
6:16 of 1st period - Stopped by Braden Holtby without a rebound.
6:17 of 1st period - Alex Galchenyuk wins face-off versus Brayden Point in BUFFALO Sabres zone.
6:40 of 1st period - Ryan Ellis is hit by Nick Ritchie.
7:07 of 1st period - Minor Penalty to Daniel Sprong for Hooking.
7:08 of 1st period - Nathan MacKinnon wins face-off versus Boone Jenner in CALGARY Flames zone.
7:19 of 1st period - Shot by John Klingberg.
7:19 of 1st period - Stopped by Jacob Markstrom without a rebound.
7:20 of 1st period - Nathan MacKinnon wins face-off versus Dominic Moore in CALGARY Flames zone.
7:23 of 1st period - Shot by Henrik Zetterberg.
7:23 of 1st period - Shot Misses the Net.
8:04 of 1st period - Travis Hamonic is hit by Jaden Schwartz and loses puck.
8:45 of 1st period - Shot by Artemi Panarin.
8:45 of 1st period - Stopped by Jacob Markstrom without a rebound.
8:46 of 1st period - Nathan MacKinnon wins face-off versus Dominic Moore in CALGARY Flames zone.
8:47 of 1st period - Shot by Brent Burns.
8:47 of 1st period - Shot Misses the Net.
8:49 of 1st period - Shot by Jaden Schwartz.
8:49 of 1st period - Shot Misses the Net.
8:55 of 1st period - Shot by Nathan MacKinnon.
8:55 of 1st period - Deflect By Jaden Schwartz.
8:55 of 1st period - Shot Misses the Net.
11:05 of 1st period - Shot by Charlie McAvoy.
11:05 of 1st period - Stopped by Braden Holtby with a rebound.
11:23 of 1st period - Shot by Jaden Schwartz.
11:23 of 1st period - Shot Blocked by Jake DeBrusk.
12:16 of 1st period - Icing by Travis Hamonic.
12:17 of 1st period - Boone Jenner wins face-off versus Artemi Panarin in CALGARY Flames zone.
12:56 of 1st period - Shot by Artemi Panarin.
12:56 of 1st period - Shot Misses the Net.
12:58 of 1st period - Shot by Brett Pesce.
12:58 of 1st period - Shot Misses the Net.
13:00 of 1st period - Shot by Brett Pesce.
13:00 of 1st period - Stopped by Jacob Markstrom with a rebound.
13:02 of 1st period - Shot by Brayden Point.
13:02 of 1st period - Shot Misses the Net.
13:28 of 1st period - Shot by Nazem Kadri.
13:28 of 1st period - Goal by Nazem Kadri - CALGARY Flames : 0 - BUFFALO Sabres : 1.
13:29 of 1st period - Nathan MacKinnon wins face-off versus Daniel Sprong in neutral zone.
13:49 of 1st period - Shot by Jake DeBrusk.
13:49 of 1st period - Shot Misses the Net.
13:51 of 1st period - Shot by Daniel Sprong.
13:51 of 1st period - Stopped by Braden Holtby without a rebound.
13:52 of 1st period - Tyler Johnson wins face-off versus Kyle Clifford in BUFFALO Sabres zone.
13:58 of 1st period - Ryan Ellis is hit by Charlie McAvoy and loses puck.
14:04 of 1st period - Minor Penalty to Elias Lindholm for Boarding.
14:05 of 1st period - Daniel Sprong wins face-off versus Luke Glendening in BUFFALO Sabres zone.
15:18 of 1st period - Shot by Boone Jenner.
15:18 of 1st period - Stopped by Braden Holtby with a rebound.
15:36 of 1st period - Brayden Point is hit by Boone Jenner and loses puck.
15:54 of 1st period - Icing by Travis Hamonic.
15:55 of 1st period - Luke Glendening wins face-off versus Alex Galchenyuk in CALGARY Flames zone.
16:12 of 1st period - Shot by Tyson Barrie.
16:12 of 1st period - Shot Blocked by Shea Weber.
16:46 of 1st period - Icing by Ryan Suter.
16:47 of 1st period - Brayden Point wins face-off versus Dominic Moore in CALGARY Flames zone.
16:55 of 1st period - Icing by Shea Weber.
16:56 of 1st period - Brayden Point wins face-off versus Dominic Moore in CALGARY Flames zone.
17:16 of 1st period - Icing by Artemi Panarin.
17:17 of 1st period - Daniel Sprong wins face-off versus Brayden Point in BUFFALO Sabres zone.
17:46 of 1st period - Shot by Artemi Panarin.
17:46 of 1st period - Shot Misses the Net.
17:59 of 1st period - Icing by Charlie McAvoy.
18:00 of 1st period - Daniel Sprong wins face-off versus Nathan MacKinnon in CALGARY Flames zone.
18:00 of 1st period - Daniel Sprong is hit by Jaden Schwartz.
19:15 of 1st period - Shot by Charlie Coyle.
19:15 of 1st period - Deflect By Alex Galchenyuk.
19:15 of 1st period - Stopped by Braden Holtby without a rebound.
19:16 of 1st period - Dominic Moore wins face-off versus Brayden Point in BUFFALO Sabres zone.
19:17 of 1st period - Shot by Kyle Clifford.
19:17 of 1st period - Stopped by Braden Holtby without a rebound.
19:18 of 1st period - Brayden Point wins face-off versus Alex Galchenyuk in BUFFALO Sabres zone.
19:25 of 1st period - Shot by Alex Galchenyuk.
19:25 of 1st period - Shot Misses the Net.
19:27 of 1st period - Shot by Nick Ritchie.
19:27 of 1st period - Stopped by Braden Holtby with a rebound.
19:29 of 1st period - Shot by Ryan Suter.
19:29 of 1st period - Stopped by Braden Holtby with a rebound.
Goals for this period are 0 for CALGARY Flames vs 1 for BUFFALO Sabres.
Shots for this period are 8 for CALGARY Flames vs 8 for BUFFALO Sabres.

2nd period


0:01 of 2nd period - Nathan MacKinnon wins face-off versus Alex Galchenyuk in neutral zone.
1:37 of 2nd period - Shot by Elias Lindholm.
1:37 of 2nd period - Shot Misses the Net.
1:56 of 2nd period - Brett Pesce is hit by Brendan Perlini and loses puck.
2:14 of 2nd period - Brendan Perlini is hit by Mike Green and loses puck.
2:29 of 2nd period - Shot by Jake DeBrusk.
2:29 of 2nd period - Stopped by Braden Holtby without a rebound.
2:30 of 2nd period - Nathan MacKinnon wins face-off versus Dominic Moore in BUFFALO Sabres zone.
2:41 of 2nd period - Shot by Nathan MacKinnon.
2:41 of 2nd period - Shot Misses the Net.
2:43 of 2nd period - Shot by Nathan MacKinnon.
2:43 of 2nd period - Goal by Nathan MacKinnon - CALGARY Flames : 0 - BUFFALO Sabres : 2.
2:44 of 2nd period - Dominic Moore wins face-off versus Brayden Point in neutral zone.
3:03 of 2nd period - Shot by Artemi Panarin.
3:03 of 2nd period - Stopped by Jacob Markstrom without a rebound.
3:04 of 2nd period - Nathan MacKinnon wins face-off versus Daniel Sprong in CALGARY Flames zone.
3:07 of 2nd period - Shot by Henrik Zetterberg.
3:07 of 2nd period - Stopped by Jacob Markstrom without a rebound.
3:08 of 2nd period - Nathan MacKinnon wins face-off versus Daniel Sprong in CALGARY Flames zone.
3:17 of 2nd period - Shot by Jaden Schwartz.
3:17 of 2nd period - Deflect By Nathan MacKinnon.
3:17 of 2nd period - Stopped by Jacob Markstrom without a rebound.
3:18 of 2nd period - Dominic Moore wins face-off versus Nathan MacKinnon in CALGARY Flames zone.
3:18 of 2nd period - Dominic Moore is hit by Nathan MacKinnon.
3:28 of 2nd period - Shot by Henrik Zetterberg.
3:28 of 2nd period - Deflect By Jaden Schwartz.
3:28 of 2nd period - Stopped by Jacob Markstrom without a rebound.
3:29 of 2nd period - Tyler Johnson wins face-off versus Daniel Sprong in CALGARY Flames zone.
3:39 of 2nd period - Icing by Jake DeBrusk.
3:40 of 2nd period - Nathan MacKinnon wins face-off versus Daniel Sprong in CALGARY Flames zone.
4:05 of 2nd period - Shot by Nathan MacKinnon.
4:05 of 2nd period - Stopped by Jacob Markstrom without a rebound.
4:06 of 2nd period - Cal Clutterbuck wins face-off versus Brayden Point in CALGARY Flames zone.
4:20 of 2nd period - Shot by Cal Clutterbuck.
4:20 of 2nd period - Stopped by Braden Holtby without a rebound.
4:21 of 2nd period - Alex Galchenyuk wins face-off versus Nathan MacKinnon in BUFFALO Sabres zone.
4:21 of 2nd period - Charlie Coyle is hit by John Klingberg and loses puck.
4:59 of 2nd period - Icing by Nathan MacKinnon.
5:00 of 2nd period - Daniel Sprong wins face-off versus Nathan MacKinnon in BUFFALO Sabres zone.
5:25 of 2nd period - Shot by Ryan Suter.
5:25 of 2nd period - Shot Misses the Net.
5:39 of 2nd period - Shea Weber is hit by Artemi Panarin and loses puck.
5:44 of 2nd period - Shot by James Neal.
5:44 of 2nd period - Stopped by Jacob Markstrom without a rebound.
5:45 of 2nd period - Nazem Kadri wins face-off versus Boone Jenner in CALGARY Flames zone.
5:58 of 2nd period - Shot by Tyler Johnson.
5:58 of 2nd period - Deflect By Nazem Kadri.
5:58 of 2nd period - Stopped by Jacob Markstrom without a rebound.
5:59 of 2nd period - Brayden Point wins face-off versus Kyle Clifford in CALGARY Flames zone.
7:35 of 2nd period - Icing by John Klingberg.
7:36 of 2nd period - Nazem Kadri wins face-off versus Daniel Sprong in BUFFALO Sabres zone.
8:13 of 2nd period - Shot by Jaden Schwartz.
8:13 of 2nd period - Stopped by Jacob Markstrom without a rebound.
8:14 of 2nd period - Dominic Moore wins face-off versus Nathan MacKinnon in CALGARY Flames zone.
8:42 of 2nd period - Shot by Nathan MacKinnon.
8:42 of 2nd period - Stopped by Jacob Markstrom without a rebound.
8:43 of 2nd period - Brayden Point wins face-off versus Alex Galchenyuk in CALGARY Flames zone.
8:43 of 2nd period - Artemi Panarin is hit by Charlie McAvoy and loses puck.
8:56 of 2nd period - Shot by Charlie Coyle.
8:56 of 2nd period - Shot Blocked by Ryan Ellis.
8:58 of 2nd period - Shot by Charlie McAvoy.
8:58 of 2nd period - Shot Misses the Net.
9:00 of 2nd period - Shot by Nick Ritchie.
9:00 of 2nd period - Shot Misses the Net.
9:02 of 2nd period - Shot by Alex Galchenyuk.
9:02 of 2nd period - Shot Misses the Net.
9:22 of 2nd period - Shot by Charlie Coyle.
9:22 of 2nd period - Shot Misses the Net.
9:37 of 2nd period - James Neal is hit by Jake DeBrusk.
9:55 of 2nd period - Shot by Nathan MacKinnon.
9:55 of 2nd period - Shot Misses the Net.
9:57 of 2nd period - Shot by Nathan MacKinnon.
9:57 of 2nd period - Stopped by Jacob Markstrom with a rebound.
9:59 of 2nd period - Shot by John Klingberg.
9:59 of 2nd period - Shot Misses the Net.
10:17 of 2nd period - Shot by John Klingberg.
10:17 of 2nd period - Shot Blocked by Ryan Suter.
10:38 of 2nd period - Icing by Brent Burns.
10:39 of 2nd period - Nathan MacKinnon wins face-off versus Dominic Moore in BUFFALO Sabres zone.
10:39 of 2nd period - Nathan MacKinnon is hit by Kyle Clifford.
11:09 of 2nd period - Jesper Bratt is hit by Michal Kempny and loses puck.
11:23 of 2nd period - Vladimir Sobotka is hit by Michal Kempny and loses puck.
12:06 of 2nd period - Icing by Nick Ritchie.
12:07 of 2nd period - Alex Galchenyuk wins face-off versus James Neal in CALGARY Flames zone.
13:14 of 2nd period - Shea Weber is hit by Ryan Ellis and loses puck.
14:17 of 2nd period - Icing by Ryan Ellis.
14:18 of 2nd period - Dominic Moore wins face-off versus Nathan MacKinnon in BUFFALO Sabres zone.
14:18 of 2nd period - Michal Kempny is hit by Ryan Ellis and loses puck.
14:41 of 2nd period - Shot by Dominic Moore.
14:41 of 2nd period - Shot Misses the Net.
15:09 of 2nd period - Shea Weber is hit by Nazem Kadri and loses puck.
16:19 of 2nd period - Icing by Brent Burns.
16:20 of 2nd period - Brayden Point wins face-off versus Dominic Moore in BUFFALO Sabres zone.
16:30 of 2nd period - Jason Chimera is hit by John Klingberg and loses puck.
16:41 of 2nd period - Shot by Kyle Clifford.
16:41 of 2nd period - Shot Misses the Net.
16:43 of 2nd period - Shot by Travis Hamonic.
16:43 of 2nd period - Stopped by Braden Holtby without a rebound.
16:44 of 2nd period - Nathan MacKinnon wins face-off versus Boone Jenner in BUFFALO Sabres zone.
16:56 of 2nd period - Boone Jenner is hit by Tyson Barrie and loses puck.
18:00 of 2nd period - Darnell Nurse is hit by Vladimir Sobotka.
18:04 of 2nd period - Darnell Nurse is hit by Luke Glendening and loses puck.
18:45 of 2nd period - Shot by James Neal.
18:45 of 2nd period - Shot Misses the Net.
18:47 of 2nd period - Shot by Artemi Panarin.
18:47 of 2nd period - Stopped by Jacob Markstrom without a rebound.
18:48 of 2nd period - Nazem Kadri wins face-off versus Alex Galchenyuk in CALGARY Flames zone.
19:04 of 2nd period - Shot by Shea Weber.
19:04 of 2nd period - Stopped by Braden Holtby with a rebound.
19:06 of 2nd period - Shot by Nick Ritchie.
19:06 of 2nd period - Stopped by Braden Holtby with a rebound.
Goals for this period are 0 for CALGARY Flames vs 1 for BUFFALO Sabres.
Shots for this period are 5 for CALGARY Flames vs 12 for BUFFALO Sabres.

3rd period


0:01 of 3rd period - Nathan MacKinnon wins face-off versus Boone Jenner in neutral zone.
1:25 of 3rd period - Artemi Panarin is hit by Ryan Suter and loses puck.
2:15 of 3rd period - Shot by Nazem Kadri.
2:15 of 3rd period - Shot Misses the Net.
2:17 of 3rd period - Shot by Brent Burns.
2:17 of 3rd period - Stopped by Jacob Markstrom with a rebound.
2:21 of 3rd period - Shot by Elias Lindholm.
2:21 of 3rd period - Stopped by Jacob Markstrom with a rebound.
2:26 of 3rd period - Tyler Johnson is hit by Ryan Suter and loses puck.
2:47 of 3rd period - Shot by Jesper Bratt.
2:47 of 3rd period - Stopped by Jacob Markstrom without a rebound.
2:48 of 3rd period - Alex Galchenyuk wins face-off versus Nathan MacKinnon in CALGARY Flames zone.
3:37 of 3rd period - Icing by Ryan Ellis.
3:38 of 3rd period - Nathan MacKinnon wins face-off versus Dominic Moore in BUFFALO Sabres zone.
5:11 of 3rd period - Icing by Jesper Bratt.
5:12 of 3rd period - Luke Glendening wins face-off versus Alex Galchenyuk in BUFFALO Sabres zone.
5:12 of 3rd period - Luke Glendening is hit by Nick Ritchie.
5:17 of 3rd period - Jesper Bratt is hit by Charlie McAvoy and loses puck.
5:36 of 3rd period - Shot by Jesper Bratt.
5:36 of 3rd period - Shot Misses the Net.
5:42 of 3rd period - Shot by Alex Galchenyuk.
5:42 of 3rd period - Shot Blocked by Brett Pesce.
5:44 of 3rd period - Shot by Darnell Nurse.
5:44 of 3rd period - Shot Blocked by Luke Glendening.
5:46 of 3rd period - Shot by Nick Ritchie.
5:46 of 3rd period - Deflect By Alex Galchenyuk.
5:46 of 3rd period - Shot Misses the Net.
7:27 of 3rd period - Shot by Nathan MacKinnon.
7:27 of 3rd period - Stopped by Jacob Markstrom with a rebound.
7:37 of 3rd period - Shot by Henrik Zetterberg.
7:37 of 3rd period - Goal by Henrik Zetterberg - CALGARY Flames : 0 - BUFFALO Sabres : 3.
7:38 of 3rd period - Brayden Point wins face-off versus Dominic Moore in neutral zone.
7:40 of 3rd period - Tyson Barrie is hit by Kyle Clifford and loses puck.
9:01 of 3rd period - Elias Lindholm is hit by Michal Kempny.
9:10 of 3rd period - Minor Penalty to Michal Kempny for Interference.
9:11 of 3rd period - Nathan MacKinnon wins face-off versus Boone Jenner in CALGARY Flames zone.
9:17 of 3rd period - Shot by Jaden Schwartz.
9:17 of 3rd period - Stopped by Jacob Markstrom without a rebound.
9:18 of 3rd period - Boone Jenner wins face-off versus Nathan MacKinnon in CALGARY Flames zone.
9:35 of 3rd period - Shot by Brent Burns.
9:35 of 3rd period - Stopped by Jacob Markstrom without a rebound.
9:36 of 3rd period - Brayden Point wins face-off versus Boone Jenner in CALGARY Flames zone.
10:10 of 3rd period - Shot by Tyson Barrie.
10:10 of 3rd period - Shot Blocked by Charlie McAvoy.
10:51 of 3rd period - Icing by Nathan MacKinnon.
10:52 of 3rd period - Boone Jenner wins face-off versus Nathan MacKinnon in BUFFALO Sabres zone.
10:56 of 3rd period - Icing by Brent Burns.
10:57 of 3rd period - Nathan MacKinnon wins face-off versus Dominic Moore in BUFFALO Sabres zone.
10:59 of 3rd period - Icing by Jaden Schwartz.
11:00 of 3rd period - Henrik Zetterberg wins face-off versus Boone Jenner in BUFFALO Sabres zone.
11:48 of 3rd period - Icing by Charlie McAvoy.
11:49 of 3rd period - Nathan MacKinnon wins face-off versus Daniel Sprong in CALGARY Flames zone.
12:20 of 3rd period - Shot by Ryan Suter.
12:20 of 3rd period - Stopped by Braden Holtby with a rebound.
12:22 of 3rd period - Shot by Nick Ritchie.
12:22 of 3rd period - Stopped by Braden Holtby without a rebound.
12:23 of 3rd period - Brayden Point wins face-off versus Charlie Coyle in BUFFALO Sabres zone.
12:23 of 3rd period - Brayden Point is hit by Cal Clutterbuck.
12:41 of 3rd period - Shot by Brayden Point.
12:41 of 3rd period - Shot Misses the Net.
12:54 of 3rd period - Minor Penalty to James Neal for Roughing.
12:54 of 3rd period - Minor Penalty to Michal Kempny for Holding.
12:55 of 3rd period - Jake DeBrusk wins face-off versus Nathan MacKinnon in CALGARY Flames zone.
13:52 of 3rd period - Shot by Brayden Point.
13:52 of 3rd period - Stopped by Jacob Markstrom with a rebound.
13:54 of 3rd period - Shot by Jaden Schwartz.
13:54 of 3rd period - Shot Blocked by Travis Hamonic.
13:56 of 3rd period - Shot by Jaden Schwartz.
13:56 of 3rd period - Stopped by Jacob Markstrom without a rebound.
13:57 of 3rd period - Alex Galchenyuk wins face-off versus Nathan MacKinnon in CALGARY Flames zone.
14:08 of 3rd period - Shot by Alex Galchenyuk.
14:08 of 3rd period - Stopped by Braden Holtby with a rebound.
14:11 of 3rd period - Icing by Nathan MacKinnon.
14:12 of 3rd period - Nathan MacKinnon wins face-off versus Jake DeBrusk in BUFFALO Sabres zone.
14:19 of 3rd period - Charlie McAvoy is hit by Jaden Schwartz and loses puck.
14:51 of 3rd period - Icing by Charlie McAvoy.
14:52 of 3rd period - Jake DeBrusk wins face-off versus Brayden Point in CALGARY Flames zone.
15:17 of 3rd period - Shot by Tyler Johnson.
15:17 of 3rd period - Stopped by Jacob Markstrom with a rebound.
15:56 of 3rd period - Shot by Artemi Panarin.
15:56 of 3rd period - Stopped by Jacob Markstrom without a rebound.
15:57 of 3rd period - Dominic Moore wins face-off versus Luke Glendening in CALGARY Flames zone.
17:09 of 3rd period - Off-side.
17:10 of 3rd period - Nathan MacKinnon wins face-off versus Daniel Sprong in neutral zone.
17:34 of 3rd period - Shot by Jaden Schwartz.
17:34 of 3rd period - Shot Blocked by Michal Kempny.
17:36 of 3rd period - Shot by Henrik Zetterberg.
17:36 of 3rd period - Stopped by Jacob Markstrom without a rebound.
17:37 of 3rd period - Alex Galchenyuk wins face-off versus James Neal in CALGARY Flames zone.
18:56 of 3rd period - Shot by Nathan MacKinnon.
18:56 of 3rd period - Shot Misses the Net.
19:16 of 3rd period - Shot by Jaden Schwartz.
19:16 of 3rd period - Stopped by Jacob Markstrom without a rebound.
19:17 of 3rd period - Nazem Kadri wins face-off versus Dominic Moore in CALGARY Flames zone.
19:37 of 3rd period - Dominic Moore is hit by Mike Green and loses puck.
19:42 of 3rd period - Shot by Dominic Moore.
19:42 of 3rd period - Shot Misses the Net.
19:47 of 3rd period - Jason Chimera is hit by Mike Green and loses puck.
19:50 of 3rd period - Shot by Kyle Clifford.
19:50 of 3rd period - Shot Misses the Net.
Goals for this period are 0 for CALGARY Flames vs 1 for BUFFALO Sabres.
Shots for this period are 3 for CALGARY Flames vs 13 for BUFFALO Sabres.